 Dungeon Crawl Stone Soup version 0.29.1-13-g9f3cf754e1 (webtiles) character file.

Game seed: 1795792272554329869

2352 Thatpatchoflichen the Shooter (level 9, -1/69 HPs)
             Began as a Human Hunter on Feb 8, 2023.
             Was an Initiate of Ashenzari.
             Slain by a wyvern (12 damage)
             ... on level 7 of the Dungeon.
             The game lasted 00:23:03 (8120 turns).

Thatpatchoflichen the Shooter (Human Hunter)        Turns: 8120, Time: 00:23:03

Health: -1/69      AC: 11    Str: 11    XL:     9   Next: 71%
Magic:  9/9        EV: 12    Int: 10    God:    Ashenzari [......]
Gold:   409        SH:  0    Dex: 21    Spells: 8/8 levels left

rFire   . . .      SeeInvis +   N - +0 shortbow (flame)
rCold   . . .      Faith    .   (shield currently unavailable)
rNeg    . . .      Spirit   .   G - +0 scale mail {Will+}
rPois   .          Reflect  .   c - +0 helmet
rElec   .          Harm     .   (no cloak)
rCorr   .          Rampage  .   u - +1 pair of gloves
Will    +....                   (no boots)
Stlth   +.........              (no amulet)
HPRegen 0.21/turn               j - ring of see invisible
MPRegen 0.11/turn               A - ring of flight

@: flying
A: no striking features
a: Renounce Religion


You were on level 7 of the Dungeon.
You worshipped Ashenzari.
Ashenzari was noncommittal.
You visited 2 branches of the dungeon, and saw 9 of its levels.

You collected 409 gold pieces.

Inventory:

Hand Weapons
 o - a +0 dagger of venom
 s - a +1 dagger of draining
 E - the +4 rapier of Drought {drain, rN+ Int+3}
   (You found it on level 5 of the Dungeon)

   A truly terrible weapon, it drains the life of any living foe it strikes.
   Int:       It affects your intelligence (+3).
   rN:        It protects you from negative energy.
 K - the +6 dagger "Beastbane" {vorpal, *Slow rN+ rCorr SInv}
   (You took it off an orc on level 6 of the Dungeon)

   It inflicts extra damage upon your enemies.
   rN:        It protects you from negative energy.
   SInv:      It lets you see invisible.
   rCorr:     It protects you from acid and corrosion.
   *Slow:     It may slow you when you take damage.
 N - a +0 shortbow of flaming (weapon)
Missiles
 l - 4 atropa-tipped darts
 n - 6 poisoned darts
 C - 11 boomerangs
Armour
 c - a +0 helmet (worn)
 u - a +1 pair of gloves (worn)
 G - a +0 scale mail of willpower (worn)
 L - the +0 robe of Iros {rElec Str+2 Slay+4}
   (You took it off an orc priest on level 6 of the Dungeon)

   Str:       It affects your strength (+2).
   Slay:      It affects your accuracy & damage with ranged weapons and melee
   (+4).
   rElec:     It insulates you from electricity.
Jewellery
 j - a ring of see invisible (left hand)
 A - a ring of flight (right hand)
Wands
 B - a wand of digging (4)
 D - a wand of acid (6)
 F - a wand of flame (26)
 H - a wand of polymorph (2)
 J - a wand of iceblast (1)
Scrolls
 b - a scroll of immolation
 d - a scroll of summoning {unknown}
 f - a scroll of blinking {unknown}
 i - 4 scrolls of teleportation
 k - 3 scrolls of magic mapping
 q - a scroll of acquirement {unknown}
 t - a scroll of noise {unknown}
 w - a scroll of silence {unknown}
 x - 3 scrolls of enchant armour {unknown}
 y - a scroll of vulnerability {unknown}
 I - a scroll of poison {unknown}
 M - a scroll of enchant weapon {unknown}
Potions
 e - 5 potions of curing
 g - a potion of degeneration {unknown}
 h - 6 potions of heal wounds
 m - 2 potions of resistance
 p - 2 potions of berserk rage {unknown}
 r - a potion of ambrosia {unknown}
 v - a potion of flight {unknown}
 z - 2 potions of cancellation {unknown}


   Skills:
 + Level 6.2 Fighting
 + Level 7.6 Ranged Weapons
 + Level 6.2 Armour
 + Level 6.2 Dodging
 - Level 1.0 Stealth


You had 8 spell levels left.
You didn't know any spells.
Your spell library contained the following spells:

 Spells                   Type           Power      Damage    Failure   Level
 Freeze                   Ice            0%         1d3       88%         1
 Sting                    Tmut/Pois      0%         1d3       88%         1
 Poisonous Vapours        Pois/Air       0%         N/A       95%         2
 Static Discharge         Conj/Air       0%         3-3/arc   95%         2
 Frozen Ramparts          Ice            0%         1d1       99%         3
 Dispel Undead            Necr           0%         3d6       100%        4
 Hailstorm                Conj/Ice       0%         3d3       100%        4
 Olgreb's Toxic Radiance  Pois           0%         N/A       100%        4
 Sticky Flame             Conj/Fire      0%         2d3       100%        4
 Lightning Bolt           Conj/Air       0%         1d11      100%        5
 Maxwell's Capacitive Co  Air            0%         ∞         100%        8


Dungeon Overview and Level Annotations

Branches:
Dungeon (8/15)             Temple (1/1) D:6
   Lair: D:8-11

Altars:
Ashenzari
Dithmenos
Elyvilon
Fedhas
Gozag
Hepliaklqana
Makhleb
Nemelex Xobeh
Okawaru
Qazlal
Ru
Sif Muna
Trog
Uskayaw
Vehumet
Wu Jian
Xom
Yredelemnul
Zin
The Shining One


Message History

The puff of frost hits you! The wyvern misses you.
The white imp closely misses you.
Fire: N) +0 shortbow (flame)
Press: ? - help, Q - select action, (/) - cycle Shift-Dir - straight line, f/p - wyvern
Aim: a wyvern (heavily wounded, 68% to hit)
You shoot an arrow. The arrow closely misses the wyvern.
The arrow hits the iguana but does no damage.
The wyvern bites you. The wyvern barely misses you.
The white imp disappears for a moment.
The white imp barely misses you.
Fire: N) +0 shortbow (flame)
Press: ? - help, Q - select action, (/) - cycle Shift-Dir - straight line, f/p - wyvern
Aim: a wyvern (heavily wounded, 68% to hit)
You shoot an arrow.
The arrow hits the wyvern but does no damage.
The wyvern is heavily wounded.
The wyvern bites you but does no damage.
The white imp hits you but does no damage.
The wyvern bites you but does no damage.
Fire: N) +0 shortbow (flame)
Press: ? - help, Q - select action, (/) - cycle Shift-Dir - straight line, f/p - wyvern
Aim: a wyvern (heavily wounded, 68% to hit)
You shoot an arrow. The arrow barely misses the wyvern.
The arrow barely misses the iguana.
The arrow hits the gnoll!
The arrow burns the gnoll.
The gnoll is severely wounded.
The wyvern barely misses you.
The white imp hits you but does no damage.
The wyvern bites you!
* * * LOW HITPOINT WARNING * * *
The white imp barely misses you.
Unknown command.
Fire: N) +0 shortbow (flame)
Press: ? - help, Q - select action, (/) - cycle Shift-Dir - straight line, f/p - wyvern
Aim: a wyvern (heavily wounded, 68% to hit)
You shoot an arrow.
The arrow hits the wyvern but does no damage.
The wyvern is heavily wounded.
The wyvern bites you!
You die...

.......####
.............>#
.........[.##.#####
.g.........##.....
...........##...###
#...§............
##.........##.#5###.#
l............gll@...#
#..........#g#####.#
#.§........#.# ###
#........§...# #.#
#..........#.# #.#
#....$.....#.# #.#
#...[......#.# #.#
..§.######.#.#######.#
##... #§#.#.......#


You could see a wyvern, an iguana, 2 gnolls and a white imp.

Vanquished Creatures
  Sigmund (D:5)
  Eustachio (D:5)
  An orc warrior (D:6)
  2 ice beasts (D:7)
  2 black bears
  3 ogres
  A centaur (D:6)
  2 bullfrogs
  6 scorpions
  A howler monkey (D:5)
  3 hounds
  2 jellies
  4 orc priests
  Ijyb (D:6)
  Terence (D:2)
  3 iguanas
  6 orc wizards
  A gnoll (D:7)
  5 adders
  A shadow imp (D:7)
  2 white imps
  2 ufetubi
  2 dart slugs
  27 orcs
  12 ball pythons
  7 endoplasms
  2 giant cockroaches (D:1)
  6 goblins
  7 hobgoblins
  8 jackals
  3 quokkas
  4 bats
  10 frilled lizards
  9 kobolds
  3 rats
151 creatures vanquished.

Vanquished Creatures (others)
  A shadow imp (D:8)
  4 plants (D:2)
5 creatures vanquished.

Grand Total: 156 creatures vanquished

Notes
Turn   | Place    | Note
-------+----------+-------------------------------------------
     0 | D:1      | Thatpatchoflichen the Human Hunter began the quest for the
                  | Orb.
     0 | D:1      | Reached XP level 1. HP: 16/16 MP: 1/1
    83 | D:1      | Reached XP level 2. HP: 23/23 MP: 2/2
   308 | D:1      | Reached XP level 3. HP: 28/28 MP: 3/3
   774 | D:2      | Noticed Terence
  1061 | D:3      | Reached XP level 4. HP: 35/35 MP: 4/4
  1180 | D:3      | Found an ornate altar of the Wu Jian Council.
  1366 | D:3      | Reached XP level 5. HP: 41/42 MP: 5/5
  1380 | D:3      | Found a faded altar of an unknown god.
  2004 | D:4      | Noticed a bullfrog
  2014 | D:4      | Killed a bullfrog
  2015 | D:4      | Reached XP level 6. HP: 38/48 MP: 6/6
  2107 | D:4      | Reached skill level 1 in Armour
  2546 | D:4      | Reached skill level 5 in Ranged Weapons
  2651 | D:4      | Noticed an ogre
  2952 | D:2      | Killed Terence
  2953 | D:2      | Reached XP level 7. HP: 27/54 MP: 7/7
  4064 | D:5      | Entered Level 5 of the Dungeon
  4161 | D:5      | You are sucked into a shaft and drop 3 floors!
  4229 | D:7      | Noticed a steam dragon
  4255 | D:7      | HP: 2/54 [bullfrog (4)]
  4264 | D:7      | Reached skill level 5 in Dodging
  4782 | D:7      | HP: 1/54 [ice beast (12)]
  4788 | D:7      | Reached skill level 6 in Ranged Weapons
  4999 | D:7      | Reached XP level 8. HP: 48/60 MP: 8/8
  5017 | D:5      | Found a white marble altar of Elyvilon.
  5210 | D:5      | Identified the +4 rapier of Drought {drain, rN+ Int+3}
  5226 | D:5      | Found an opulent altar of Gozag.
  5438 | D:5      | Found a blossoming altar of Fedhas.
  5438 | D:5      | Noticed Ijyb
  5480 | D:6      | Killed Ijyb
  5782 | D:5      | Noticed Sigmund
  5792 | D:5      | Killed Sigmund
  5793 | D:5      | Reached skill level 5 in Armour
  6050 | D:5      | Reached XP level 9. HP: 66/66 MP: 9/9
  6069 | D:5      | Noticed Eustachio
  6181 | D:5      | Killed Eustachio
  6182 | D:5      | Reached skill level 5 in Fighting
  6294 | D:5      | Found a shimmering blue altar of Sif Muna.
  6367 | D:6      | Reached skill level 7 in Ranged Weapons
  7161 | D:6      | Found a staircase to the Ecumenical Temple.
  7176 | Temple   | Entered the Ecumenical Temple
  7176 | Temple   | Found a transporter.
  7176 | Temple   | Found a transporter.
  7178 | Temple   | Found a transporter.
  7178 | Temple   | Found a transporter.
  7222 | Temple   | Became a worshipper of Ashenzari the Shackled
  7417 | D:6      | Identified the +6 dagger "Beastbane" {vorpal, *Slow rN+
                  | rCorr SInv}
  7419 | D:6      | Identified the +0 robe of Iros {rElec Str+2 Slay+4}
  7798 | D:6      | Found a sparkling altar of Nemelex Xobeh.
  7879 | D:6      | Found a glowing silver altar of Zin.
  7879 | D:6      | Noticed an angel
  8120 | D:7      | Slain by a wyvern

Illustrated notes

Levels and vault maps discovered:
D:1:      wander_arrival_desolate, layout_loops_ring
D:2:      layout_rooms, nrook_campfire, minmay_lizard_king, uniq_terence
D:3:      layout_basic, mainiacjoe_overflow_paths,
          nicolae_ecumenical_snake_handling, minmay_hedge_maze
D:4:      layout_basic
D:5:      layout_gridville, mainiacjoe_overflow_cross_hatched,
          mainiacjoe_overflow_chevrons, fedhas_altar_2, led_sif_pool,
          uniq_sigmund, uniq_eustachio, uniq_ijyb
D:6:      layout_basic, nemelex_spade_bored_becter, zin_angel,
          minmay_temple_entry_junction
D:7:      layout_basic
D:8:      layout_cave_pods
Temple:   hellmonk_temple_divided_pantheon

Skill      XL: |  1  2  3  4  5  6  7  8  9 |
---------------+----------------------------+-----
Dodging        | 3 4 5 6 |  6.2
Fighting       | 3 4 6 |  6.2
Armour         | 1 3 5 6 |  6.2
Ranged Weapons | 5 6 7 |  7.6
Stealth        | |  1.0

Action                   |  1- 3 |  4- 6 |  7- 9 || total
-------------------------+-------+-------+-------++-------
Melee: Unarmed           |       |       |     2 ||     2
 Fire: Shortbow          |    98 |   118 |   412 ||   628
  Use: Scroll            |       |     1 |     3 ||     4
       Potion            |       |       |     2 ||     2
Armor: Leather armour    |    14 |    14 |     2 ||    30
       Scale mail        |       |       |   166 ||   166
Dodge: Dodged            |    53 |    52 |   263 ||   368
